 Dungeon Crawl Stone Soup version 0.23-a0-239-g84a5ed292d (webtiles) character file.

298 PikkenKukken the Skirmisher (level 6, -7/38 HPs)
             Began as a Gargoyle Fighter on Sept 26, 2018.
             Mangled by an ogre
             ... wielding a cursed -2 giant club
              (23 damage)
             ... on level 4 of the Dungeon.
             The game lasted 00:05:23 (2827 turns).

PikkenKukken the Skirmisher (Gargoyle Fighter)      Turns: 2827, Time: 00:05:23

Health: -7/38      AC: 15    Str: 25    XL:     6   Next: 36%
Magic:  6/6        EV:  8    Int:  8    God:
Gold:   140        SH: 10    Dex:  9    Spells: 5/5 levels left

rFire    . . .     SeeInvis .   o - -2 whip (curse)
rCold    . . .     Gourm    .   c - +0 shield
rNeg     + . .     Faith    .   b - +0 scale mail
rPois    ∞         Spirit   .   g - +0 helmet
rElec    +         Reflect  .   (no cloak)
rCorr    .         Harm     .   m - +0 pair of gloves
MR       .....                  j - +0 pair of boots
Stlth    ..........             (no amulet)
HPRegen  0.12/turn              h - +3 ring of strength
MPRegen  0.10/turn              (no ring)

@: no status effects
A: negative energy resistance 1, electricity resistance, unbreathing,
petrification resistance, rot immunity, AC +4
a: no special abilities


You were on level 4 of the Dungeon.
You were hungry.

You visited 1 branch of the dungeon, and saw 4 of its levels.

You collected 140 gold pieces.

Inventory:

Hand Weapons
 a - a +0 flail
 o - a cursed -2 whip (weapon)
Armour
 b - a +0 scale mail (worn)
 c - a +0 shield (worn)
 g - a +0 helmet (worn)
 j - a +0 pair of boots (worn)
 m - a +0 pair of gloves (worn)
Jewellery
 h - a +3 ring of strength (left hand)
Wands
 k - a wand of polymorph (19)
Scrolls
 e - 2 scrolls of identify
 l - a scroll of amnesia
Potions
 d - a potion of cancellation
 i - a potion of flight
 n - 2 potions of curing
 p - a potion of lignification
Comestibles
 f - 8 rations
 q - 4 chunks of flesh


   Skills:
 + Level 4.3 Fighting
 * Level 4.1 Maces & Flails
 + Level 4.2 Armour
 + Level 1.8 Dodging
 + Level 4.2 Shields


You had 5 spell levels left.
You didn't know any spells.
Your spell library was empty.

Dungeon Overview and Level Annotations

Branches:
Dungeon (4/15)
 Temple: D:4-7

Altars:
Elyvilon
Hepliaklqana
Kikubaaqudgha
Vehumet

Annotations:
D:2 2 transporters


Innate Abilities, Weirdness & Mutations

You are resistant to torment.
Your stone body is resilient. (AC +4)
You are immune to poison.
You resist negative energy. (rN+)
You are resistant to electric shocks. (rElec)
You can survive without breathing.
You are immune to petrification.
You are immune to rotting.


Message History

The ogre barely misses you.
You hit the ogre.
The ogre is moderately wounded.
The ogre hits you but does no damage.
You hit the ogre but do no damage.
The ogre is moderately wounded.
You hit the ogre.
The ogre is heavily wounded.
The ogre barely misses you.
You hit the ogre but do no damage.
The ogre is heavily wounded.
You block the ogre's attack.
You hit the ogre.
The ogre is severely wounded.
The ogre hits you with a giant club!
You hit the ogre.
The ogre is severely wounded.
The ogre hits you with a giant club!!
Ouch! That really hurt!
You die...

.# ..# ..# #.#
#.# #.#
.########.+
>.....O@..#
.########.#
#....# #.##.#
#.#..# #.#..#
#.#..#######+#
#.#...........
#.##.#...##...


You could see an ogre.

Vanquished Creatures
  Sigmund (D:2)
  A howler monkey (D:2)
  3 gnolls (D:3)
  2 adders (D:3)
  3 worms
  A dart slug (D:1)
  3 leopard geckos
  5 bats
  4 giant cockroaches
  7 goblins
  6 hobgoblins
  3 jackals (D:3)
  10 kobolds
  A quokka (D:2)
  3 frilled lizards
  5 rats
58 creatures vanquished.

Notes
Turn   | Place    | Note
-------+----------+-------------------------------------------
     0 | D:1      | PikkenKukken the Gargoyle Fighter began the quest for the
                  | Orb.
     0 | D:1      | Reached XP level 1. HP: 14/14 MP: 1/1
   330 | D:1      | Reached XP level 2. HP: 19/19 MP: 2/2
   772 | D:1      | Reached XP level 3. HP: 23/23 MP: 3/3
  1268 | D:2      | Found a hazy altar of Hepliaklqana.
  1345 | D:2      | Found a transporter.
  1354 | D:2      | Found a transporter.
  1432 | D:2      | Reached skill level 1 in Dodging
  1432 | D:2      | Reached XP level 4. HP: 28/29 MP: 4/4
  1437 | D:2      | Noticed Sigmund
  1458 | D:2      | Killed Sigmund
  1458 | D:2      | Reached XP level 5. HP: 8/33 MP: 5/5
  1458 | D:2      | Reached XP level 6. HP: 9/38 MP: 6/6
  1906 | D:3      | Found a white marble altar of Elyvilon.
  2190 | D:3      | Found an ancient bone altar of Kikubaaqudgha.
  2653 | D:4      | Found a radiant altar of Vehumet.
  2827 | D:4      | Mangled by an ogre

Vault maps used:
D:1:      dpeg_chamrin_arrival_tetris, grunt_decor_arrowhead, glass_columns_c
D:2:      gammafunk_temple_overflow_arena, uniq_sigmund
D:3:      elyvilon_altar_4, lemuel_crystal_altar, first_ration,
          kennysheep_generic_room_2
D:4:      fiery_altar_vehumet, grunt_temple_overflow_open,
          minmay_temple_entry_large_hall, fountainhead, minivault_26,
          minmay_door_square, uniq_robin

Skill      XL: |  1  2  3  4  5  6 |
---------------+-------------------+-----
Maces & Flails | 3 4 |  4.1
Dodging        | 1 |  1.8
Fighting       | 4 |  4.3
Armour         | 4 |  4.2
Shields        | 4 |  4.2

Action                   |  1- 3 |  4- 6 || total
-------------------------+-------+-------++-------
Melee: Flail             |   122 |    68 ||   190
       Whip              |       |    85 ||    85
  Use: Scroll            |     4 |     3 ||     7
       Potion            |       |     1 ||     1
  Eat: Chunk             |     2 |     4 ||     6
Armor: Scale mail        |    73 |    60 ||   133
Dodge: Dodged            |    44 |    44 ||    88
Block: Shield            |    63 |    58 ||   121

Table legend:
 A = Non-vault XP
 B = Vault XP
 C = Vault XP percentage of total XP
 D = Non-vault monster count
 E = Vault monster count
 F = Vault count percentage of total count
                 A         B        C        D         E       F
            +---------+---------+-------+---------+---------+-------
      Total |     207 |     220 |  51.5 |      57 |       1 |   1.7
            +---------+---------+-------+---------+---------+-------
        D:1 |      35 |       0 |   0.0 |      17 |       0 |   0.0
        D:2 |      93 |     220 |  70.3 |      21 |       1 |   4.5
        D:3 |      79 |       0 |   0.0 |      19 |       0 |   0.0
            +---------+---------+-------+---------+---------+-------
